 Dungeon Crawl Stone Soup version 0.28.0-45-g0d030f2227 (webtiles) character file.

Game seed: 13121842460425266967

35 CryoSword the Shield-Bearer (level 3, -1/29 HPs)
             Began as a Formicid Fighter on Apr 14, 2022.
             Succumbed to a kobold's poison
             ... on level 2 of the Dungeon.
             The game lasted 00:01:53 (1278 turns).

CryoSword the Shield-Bearer (Formicid Fighter)      Turns: 1278, Time: 00:01:53

Health: -1/29      AC:  6    Str: 20    XL:     3   Next: 52%
Magic:  3/3        EV:  9    Int:  7    God:
Gold:   106        SH:  5    Dex: 12    Spells: 2/2 levels left

rFire   . . .      SeeInvis +   a - +0 trident
rCold   . . .      Faith    .   c - +0 buckler
rNeg    . . .      Spirit   .   b - +0 scale mail
rPois   .          Reflect  .   (helmet unavailable)
rElec   .          Harm     .   (no cloak)
rCorr   .          Rampage  .   (no gloves)
Will    .....                   (no boots)
Stlth   ..........              (no amulet)
HPRegen 0.09/turn               (no ring)
MPRegen 0.08/turn               (no ring)

@: lethally poisoned (-1 -> -28)
A: permanent stasis, dig shafts and tunnels, antennae 3, four strong arms
a: Dig, Shaft Self


You were on level 2 of the Dungeon.
You visited 1 branch of the dungeon, and saw 2 of its levels.

You collected 106 gold pieces.

Inventory:

Hand Weapons
 a - a +0 trident (weapon)
Missiles
 e - 4 boomerangs
 k - 4 javelins
Armour
 b - a +0 scale mail (worn)
 c - a +0 buckler (worn)
Scrolls
 h - 3 scrolls of identify {unknown}
 j - a scroll of immolation {unknown}
 l - 3 scrolls of blinking {unknown}
Potions
 d - a potion of might
 g - a potion of mutation {unknown}
 n - a potion of berserk rage {unknown}
 o - 2 potions of brilliance


   Skills:
 + Level 3.5 Fighting
 * Level 2.6 Polearms
 + Level 3.5 Armour
 + Level 0.9 Dodging
 + Level 3.9 Shields


You had 2 spell levels left.
You didn't know any spells.
Your spell library was empty.

Dungeon Overview and Level Annotations

Branches:
Dungeon (2/15)

Altars:

Shops:
D:1 [


Innate Abilities, Weirdness & Mutations

You cannot be hasted, slowed, berserked, paralysed or teleported.
You can dig through walls and to a lower floor.
You have a pair of large antennae on your head. (SInv)
Your four strong arms can wield two-handed weapons with a shield.


Message History

You puncture the jackal!
You kill the jackal!
You block the jackal's attack. The jackal closely misses you.
You hit the jackal.
You kill the jackal!
The jackal barely misses you. The jackal completely misses you.
The jackal bites you but does no damage.
You closely miss the jackal.
The jackal bites you but does no damage. x2
You closely miss the jackal.
The jackal bites you but does no damage.
The jackal closely misses you.
The jackal bites you but does no damage.
The jackal barely misses you.
You barely miss the jackal. You block the jackal's attack.
The jackal closely misses you. You block the jackal's attack.
The jackal bites you but does no damage.
You puncture the jackal!
You kill the jackal!
You hit the jackal.
The jackal bites you but does no damage.
You block the jackal's attack.
You hit the jackal. You block the jackal's attack. x2
You hit the jackal.
You kill the jackal!
No target in view!
No target in view!
No target in view!
No target in view!
No target in view!
Things that are here:
a jackal corpse; a jackal corpse
There is an open door here.
Things that are here:
a jackal corpse; a jackal corpse You now have 90 gold pieces (gained 8).
Could not explore, unopened door.
You open the door.
There is an open door here.
Could not explore, unopened door.
Could not explore, unopened door.
You open the door. 2 dart slugs come into view.
Found a dagger and 5 gold pieces.
There are monsters nearby!
There are monsters nearby!
There is an open door here.
Found 2 green potions.
You reach to attack!
You puncture the dart slug!
You reach to attack!
You hit the dart slug but do no damage. The dart slug launches a dart at you.
The slug dart hits you but does no damage.
You reach to attack!
You hit the dart slug.
You kill the dart slug!
The dart slug launches a dart at you. You block the slug dart.
You reach to attack!
You puncture the dart slug! The dart slug launches a dart at you.
The slug dart hits you.
You reach to attack!
You hit the dart slug but do no damage. The dart slug launches a dart at you.
The slug dart misses you.
You reach to attack!
You hit the dart slug.
You kill the dart slug!
No target in view!
No target in view!
No target in view!
No target in view!
No target in view!
No target in view!
No target in view!
No target in view!
Found an escape hatch in the ceiling.
You now have 95 gold pieces (gained 5).
You now have enough gold to buy a kite shield on D:1, or buy a pair of boots on D:1.
You now have 106 gold pieces (gained 11).
o - 3 green potions (gained 2) Could not explore, unopened door.
You open the door.
There is an open door here.
Found a stone staircase leading down.
There is a stone staircase leading down here.
You sense a monster nearby.
A kobold comes into view. It is wielding a +0 dagger of venom.
The kobold shouts!
A kobold is nearby!
A kobold is nearby!
You reach to attack!
You closely miss the kobold. The kobold hits you but does no damage.
You are poisoned.
You closely miss the kobold.
You feel sick. The kobold barely misses you.
You hit the kobold but do no damage.
You feel sick. You block the kobold's attack.
You closely miss the kobold.
You feel sick. The kobold hits you but does no damage.
You hit the kobold.
You feel sick. The kobold closely misses you.
You closely miss the kobold.
You feel sick.
You are no longer poisoned.
The kobold closely misses you.
The kobold hits you with a +0 dagger of venom.
You are poisoned.
Reach: a) +0 trident
Aim: a kobold, wielding a +0 dagger of venom (heavily wounded, about 50% to evade your +0 trident)
You hit the kobold but do no damage.
You feel sick. You block the kobold's attack.
Reach: a) +0 trident
Aim: a kobold, wielding a +0 dagger of venom (heavily wounded, about 50% to evade your +0 trident)
You barely miss the kobold.
You feel sick. The kobold closely misses you.
Reach: a) +0 trident
Aim: a kobold, wielding a +0 dagger of venom (heavily wounded, about 50% to evade your +0 trident)
You barely miss the kobold.
You feel sick.
The kobold hits you with a +0 dagger of venom.
You are more poisoned.
Reach: a) +0 trident
Aim: a kobold, wielding a +0 dagger of venom (heavily wounded, about 50% to evade your +0 trident)
You hit the kobold.
You feel sick.
The kobold hits you with a +0 dagger of venom.
* * * LOW HITPOINT WARNING * * *
You are lethally poisoned!
It was a potion of brilliance.
You feel clever all of a sudden.
* * * LOW HITPOINT WARNING * * *
You feel very sick. The kobold closely misses you.
Unknown command.
It was a potion of curing.
You feel better.
The kobold hits you with a +0 dagger of venom.
* * * LOW HITPOINT WARNING * * *
You are poisoned.
Reach: a) +0 trident
Aim: a kobold, wielding a +0 dagger of venom (severely wounded, about 50% to evade your +0 trident)
You barely miss the kobold.
You feel very sick. The kobold closely misses you.
The kobold hits you but does no damage.
You are lethally poisoned!
Reach: a) +0 trident
Aim: a kobold, wielding a +0 dagger of venom (severely wounded, about 50% to evade your +0 trident)
Okay, then.
Okay, then.
It was a potion of cancellation.
Your magical effects are unravelling.
You feel magically purged.
You feel a little less clever now.
* * * LOW HITPOINT WARNING * * *
You feel very sick.
The kobold hits you with a +0 dagger of venom.
* * * LOW HITPOINT WARNING * * *
You are more poisoned.
It was a potion of magic.
Magic courses through your body.
You die...

#.#
####
#.#.#
#.#.#
#.#.#
#.#.#
#.#.#
#.#.#
#K#.#
..
#.@.#
..
#####
#. #.
#.
#)##
#..#
#.# {
###..
{
+....


You could see a kobold.

Vanquished Creatures
  A gnoll (D:2)
  2 dart slugs (D:2)
  2 endoplasms
  A giant cockroach (D:1)
  A goblin (D:1)
  A hobgoblin (D:1)
  6 jackals
  2 ball pythons (D:1)
  A bat (D:1)
  2 frilled lizards (D:1)
  A kobold (D:2)
20 creatures vanquished.

Vanquished Creatures (others)
  9 plants (D:2)
9 creatures vanquished.

Grand Total: 29 creatures vanquished

Notes
Turn   | Place    | Note
-------+----------+-------------------------------------------
     0 | D:1      | CryoSword the Formicid Fighter began the quest for the Orb.
     0 | D:1      | Reached XP level 1. HP: 18/18 MP: 1/1
   224 | D:1      | Reached XP level 2. HP: 24/24 MP: 2/2
   517 | D:1      | Found Kaan's Antique Armour Shoppe.
  1041 | D:2      | Reached XP level 3. HP: 29/29 MP: 3/3
  1278 | D:2      | Succumbed to a kobold's poison

Illustrated notes

Levels and vault maps discovered:
D:1:      dpeg_arrival_short_road, layout_basic, serial_shops, shop,
          chequers_decorated_corner, minmay_misc_feat_plants
D:2:      layout_basic, serial_bayou_pond_a

Action                   || total
-------------------------++-------
Melee: Trident           ||    58
  Use: Potion            ||     4
Armor: Scale mail        ||    22
Dodge: Dodged            ||    23
Block: Buckler           ||    16
